 Dungeon Crawl Stone Soup version 0.28-a0-21-gf74fda84f9 (webtiles) character file.

Game seed: 16593832282014058968

345 horus123 the Poker (level 6, -10/41 HPs)
             Began as an Octopode Gladiator on July 27, 2021.
             Killed from afar by Pikel (21 damage)
             ... with a puff of flame
             ... on level 4 of the Dungeon.
             The game lasted 00:18:36 (3127 turns).

horus123 the Poker (Octopode Gladiator)             Turns: 3127, Time: 00:18:38

Health: -10/41     AC:  1    Str: 15    XL:     6   Next: 58%
Magic:  5/6        EV: 14    Int: 11    God:
Gold:   158        SH:  0    Dex: 13    Spells: 2/5 levels left

rFire   x . .      SeeInvis .   a - +1 trident
rCold   + . .      Faith    .   (no shield)
rNeg    . . .      Spirit   .   (helmet currently unavailable)
rPois   .          Reflect  .   (no amulet)
rElec   .          Harm     .   i - ring of ice
rCorr   .          Rampage  .   (no ring)
Will    .....                   (no ring)
Stlth   +++.......              (no ring)
HPRegen 0.13/turn               (no ring)
MPRegen 0.10/turn               (no ring)
                                (no ring)
                                (no ring)

@: appendages (expiring)
A: tentacle spike 3, almost no armour, amphibious, 8 rings, camouflage 1,
gelatinous body 1, (nimble swimmer 1), tentacles
a: End Transformation


You were on level 4 of the Dungeon.
One of your tentacles had grown a beastly spike.
You visited 1 branch of the dungeon, and saw 4 of its levels.

You collected 158 gold pieces.

Inventory:

Hand Weapons
 a - a +1 trident (weapon)
 f - a +1 dagger of draining
 j - a +0 hunting sling
 o - a +1 dagger of venom
Missiles
 c - 3 throwing nets
 h - 3 silver javelins (quivered)
 k - 39 arrows
 p - 33 sling bullets
Armour
 b - a +0 hat (melded)
Jewellery
 i - a ring of ice (left tentacle)
Scrolls
 m - 2 scrolls of vulnerability {unknown}
 n - a scroll of teleportation
Potions
 d - a potion of haste {unknown}
 e - a potion of lignification {unknown}
 g - 2 potions of curing {unknown}
 l - a potion of brilliance {unknown}
 q - 2 potions of heal wounds {unknown}
 r - a potion of attraction {unknown}


   Skills:
 + Level 2.6 Fighting
 * Level 5.3 Polearms
 * Level 3.2 Throwing
 + Level 3.5 Dodging
 + Level 3.5 Stealth
 * Level 0.2 Transmutations


You had 2 spell levels left.
You knew the following spells:

 Your Spells              Type           Power      Damage    Failure   Level
a - Beastly Appendage     Tmut           0%         N/A       32%         1
b - Wereblood             Tmut           0%         N/A       43%         2

Your spell library contained the following spells:

 Spells                   Type           Power      Damage    Failure   Level
 Gell's Gravitas          Tloc           0%         N/A       71%         3
 Spider Form              Tmut/Pois      0%         N/A       71%         3
 Teleport Other           Tloc           0%         N/A       71%         3
 Dispersal                Tloc           0%         N/A       100%        6


Dungeon Overview and Level Annotations

Branches:
Dungeon (4/15)
 Temple: D:4-7

Altars:

Annotations:
D:4 Pikel


Innate Abilities, Weirdness & Mutations

One of your tentacles has grown a beastly spike.
You cannot wear most types of armour.
You are amphibious.
You can wear up to eight rings at the same time.
Your skin changes colour to match your surroundings (Stealth+).
Your rubbery body absorbs attacks. (AC +1, EV +1)
((You are camouflaged near water. (Stealth+)))
You have tentacles for arms and can constrict up to eight enemies at once.


Message History

You squeeze the lemure, but do no damage.
The lemure is moderately wounded.
You constrict the lemure. The lemure hits you!
You hit the lemure but do no damage.
The lemure is heavily wounded.
You constrict the lemure. The lemure barely misses you.
You hit the lemure. Your squeeze misses the lemure.
The lemure is heavily wounded.
You constrict the lemure. The lemure hits you.
You hit the lemure.
The lemure is almost dead.
You constrict the lemure. The lemure barely misses you.
You puncture the lemure!
You kill the lemure!
That felt strangely unrewarding.
You puncture the lemure! You grab the lemure.
You squeeze the lemure, but do no damage.
The lemure is moderately wounded.
You constrict the lemure. The lemure hits you.
You hit the lemure.
The lemure is heavily wounded.
You constrict the lemure. The lemure barely misses you.
You hit the lemure. You squeeze the lemure.
The lemure is almost dead.
You constrict the lemure.
You kill the lemure!
That felt strangely unrewarding.
You barely miss Pikel. You grab Pikel. You constrict Pikel, but do no damage.
Pikel barely misses you.
You hit Pikel but do no damage. You constrict Pikel.
Pikel cracks his whip.
Pikel zaps a wand.
The puff of flame hits you!! The fire burns you terribly!
* * * LOW HITPOINT WARNING * * *
Casting: Beastly Appendage (safe; 32% risk of failure)
Confirm with . or Enter, or press ? or * to list all spells.
One of your tentacles grows a vicious spike.
Your +0 hat melds into your body.
You constrict Pikel.
Pikel zaps a wand.
The puff of flame hits you!! The fire burns you terribly!
Ouch! That really hurt!
You die...

#####.#.. #...K...# #.#
#K# #@### ..#######...#
...........#.# ####
.>..######.#.# ...##..
..... #.#.#
....#.##.......#.#.#
##..#..........#.#.#
...)...............#
##...............######.#


You could see Pikel.

Vanquished Creatures
  Grinder (D:3)
  2 lemures (D:4)
  A hound (D:4)
  6 adders
  2 worms
  2 dart slugs
  An orc (D:4)
  2 ball pythons
  8 bats
  4 endoplasms
  3 giant cockroaches (D:3)
  4 goblins
  4 hobgoblins
  2 jackals (D:3)
  2 quokkas
  4 frilled lizards
  3 kobolds
  2 rats
53 creatures vanquished.

Notes
Turn   | Place    | Note
-------+----------+-------------------------------------------
     0 | D:1      | horus123 the Octopode Gladiator began the quest for the
                  | Orb.
     0 | D:1      | Reached XP level 1. HP: 14/14 MP: 1/1
   305 | D:1      | Reached XP level 2. HP: 19/19 MP: 2/2
   979 | D:2      | Reached skill level 1 in Stealth
   979 | D:2      | Reached XP level 3. HP: 17/24 MP: 3/3
  1291 | D:2      | Found a faded altar of an unknown god.
  1696 | D:2      | Reached skill level 4 in Polearms
  1939 | D:3      | Reached XP level 4. HP: 29/29 MP: 4/4
  1957 | D:3      | Noticed Grinder
  1972 | D:3      | Killed Grinder
  1973 | D:3      | Reached skill level 5 in Polearms
  1973 | D:3      | Reached XP level 5. HP: 5/35 MP: 5/5
  1973 | D:3      | Reached XP level 6. HP: 6/41 MP: 6/6
  2708 | D:3      | Learned a level 1 spell: Beastly Appendage
  2711 | D:3      | Learned a level 2 spell: Wereblood
  3112 | D:4      | Noticed Pikel
  3127 | D:4      | Killed from afar by Pikel

Illustrated notes

Levels and vault maps discovered:
D:1:      dpeg_arrival_connections, layout_basic, st_stairs_12
D:2:      layout_loops_ring, hellmonk_ecumenical_altar_zigzags,
          minmay_pentomino_r2
D:3:      layout_rooms, hex_medium, chequers_serial_rivers_room_a,
          minmay_misc_feat_chi, uniq_grinder
D:4:      layout_basic, lightli_ossuary_entry_decrepit_ruins, uniq_pikel

Skill      XL: |  1  2  3  4  5  6 |
---------------+-------------------+-----
Stealth        | 1 3 |  3.5
Polearms       | 4 5 |  5.3
Throwing       | 3 |  3.2
Fighting       | |  2.6
Dodging        | |  3.5
Transmutations | |  0.2

Action                   |  1- 3 |  4- 6 || total
-------------------------+-------+-------++-------
Melee: Trident           |    49 |    54 ||   103
       Constrict         |    11 |    11 ||    22
       Tentacles         |     5 |     8 ||    13
       Kick              |       |     3 ||     3
Throw: Javelin           |    11 |    18 ||    29
 Cast: Beastly Appendage |       |     5 ||     5
  Use: Scroll            |     4 |     4 ||     8
 Stab: Sleeping          |     6 |     3 ||     9
Armor: Skin              |     2 |     3 ||     5
Dodge: Dodged            |    21 |    21 ||    42

Table legend: (Time is in decaauts)
 A = Elapsed time spent in this place.
 B = Non-inter-level travel time spent in this place.
 C = Inter-level travel time spent in this place.
 D = Time resting spent in this place.
 E = Time spent auto-exploring this place.
 F = Levels seen in this place.
 G = Mean time per level.
                   A        B        C        D        E       F      G
               +--------+--------+--------+--------+--------+-----+--------+
         Total |   3146 |   3029 |    117 |    255 |   1990 |   4 |  786.5 |
       Dungeon |   3146 |   3029 |    117 |    255 |   1990 |   4 |  786.5 |
               +--------+--------+--------+--------+--------+-----+--------+

Top non-repeatable levels by time:
     D:3: 999 daAuts
     D:1: 957 daAuts
     D:2: 950 daAuts
     D:4: 239 daAuts
